 Dungeon Crawl Stone Soup version 0.30-a0-728-gc68057be0a (webtiles) character file.

Game seed: 2129442583067763567

147 scionoferis the Ducker (level 4, 0/36 HPs)
             Began as a Demigod Hexslinger on Jan 30, 2023.
             Slain by Ijyb
             ... wielding a +0 club
              (6 damage)
             ... on level 4 of the Dungeon.
             The game lasted 00:07:38 (2713 turns).

scionoferis the Ducker (Demigod Hexslinger)         Turns: 2713, Time: 00:07:38

Health: 0/36       AC:  2    Str: 11    XL:     4   Next: 81%
Magic:  8/8        EV: 13    Int: 21    God:
Gold:   68         SH:  5    Dex: 18    Spells: 4/5 levels left

rFire   . . .      SeeInvis .    a - +2 dagger (elec)
rCold   . . .      Faith    .    (no shield)
rNeg    . . .      Spirit   .    c - +0 robe
rPois   .          Reflect  +    (no helmet)
rElec   .          Harm     .    (no cloak)
rCorr   .          Rampage  .    (no gloves)
Will    .....                    (no boots)
Stlth   ++                       j - amulet of reflection
HPRegen 0.26/turn                s - +6 ring of intelligence
MPRegen 0.11/turn                (no ring)

@: attractive
A: high MP 1, forlorn, divine attributes
a: no special abilities


You were on level 4 of the Dungeon.
You visited 1 branch of the dungeon, and saw 4 of its levels.

You collected 170 gold pieces.
You spent 102 gold pieces at shops.


Innate Abilities, Weirdness & Mutations

You have an increased reservoir of magic. (+10% MP)
You shall have no god before yourself.
Your divine heritage dramatically boosts your attributes as you level up.


   Skills:
 + Level 2.0 Fighting
 * Level 1.6 Short Blades
 - Level 2.4 Ranged Weapons
 * Level 3.1 Dodging
 + Level 1.5 Stealth
 - Level 1.0 Spellcasting
 - Level 2.6 Hexes


You had 4 spell levels left.
You knew the following spells:

 Your Spells              Type           Power      Damage    Failure   Level
a - Slow                  Hex            48%        N/A       5%          1

Your spell library contained the following spells:

 Spells                   Type           Power      Damage    Failure   Level
 Magic Dart               Conj           4%         1d3       16%         1
 Call Imp                 Summ           1%         N/A       24%         2
 Inner Flame              Hex/Fire       6%         N/A       28%         3
 Portal Projectile        Hex/Tloc       12%        N/A       28%         3
 Mephitic Cloud           Conj/Pois/Air  1%         N/A       43%         3
 Cause Fear               Hex            6%         N/A       47%         4

Inventory:

Hand Weapons
 a - a +2 dagger of electrocution (weapon)
   (You found it on level 2 of the Dungeon)
 b - a +1 sling
Armour
 c - a +0 robe (worn)
Magical Staves
 m - a staff of cold
   (You found it on level 2 of the Dungeon)
Jewellery
 j - an amulet of reflection (around neck)
   (You found it on level 2 of the Dungeon)
 s - a +6 ring of intelligence (left hand)
   (You found it on level 4 of the Dungeon)
Scrolls
 h - 3 scrolls of fog
 k - 2 scrolls of poison
 l - 3 scrolls of teleportation
 n - a scroll of noise {unknown}
 o - 2 scrolls of identify
 q - a scroll of blinking {unknown}
 t - a scroll of amnesia {unknown}
Potions
 e - 3 potions of lignification
 g - a potion of ambrosia {unknown}
 i - 2 potions of curing {unknown}
 p - a potion of brilliance {unknown}
 r - a potion of mutation {unknown}

Dungeon Overview and Level Annotations

Branches:
Dungeon (4/15)
 Temple: D:4-7

Shops:
D:1 (=**   D:4 ?

Annotations:
D:4 Ijyb

#########?#
####...).....#
#...>.@g# #
#.##.##.#
##.#.##.# .#
........# .#
####.##.##.#
#.......# #.#
####.#### ....
#...# ....
#...#


You could see Ijyb.


Message History

You shoot a sling bullet.
The sling bullet completely misses the endoplasm.
A giant cockroach comes into view.
You shoot a sling bullet.
The sling bullet barely misses the giant cockroach.
You shoot a sling bullet.
The sling bullet hits the giant cockroach.
The giant cockroach is heavily wounded.
The giant cockroach barely misses you.
You shoot a sling bullet.
The sling bullet hits the giant cockroach.
You kill the giant cockroach!
Your Fighting skill increases to level 1!
You shoot a sling bullet.
The sling bullet barely misses the endoplasm.
The endoplasm hits you but does no damage.
You shoot a sling bullet. The sling bullet hits the endoplasm!
You kill the endoplasm!
Your Dodging skill increases to level 2!
No target in view!
You now have 24 gold pieces (gained 14).
Found a robe.
You see here a +0 robe.
A hobgoblin comes into view.
The hobgoblin shouts!
You shoot a sling bullet. The sling bullet hits the hobgoblin.
You kill the hobgoblin!
Your Ranged Weapons skill increases to level 2!
No target in view!
No target in view!
No target in view!
You open the door.
There is an open door here.
A rat comes into view.
You shoot a sling bullet.
The sling bullet hits the rat but does no damage.
You shoot a sling bullet. The sling bullet hits the rat.
You kill the rat!
No target in view!
No target in view!
e - 2 lumpy orange potions You open the door.
There is an open door here.
You see here a +0 robe.
You now have 34 gold pieces (gained 10).
A ball python comes into view.
You shoot a sling bullet. The sling bullet hits the ball python.
You kill the ball python!
No target in view!
No target in view!
You open the door.
There is an open door here.
A kobold comes into view. It is wielding a +0 dagger.
You shoot a sling bullet.
The sling bullet closely misses the kobold.
You shoot a sling bullet.
The sling bullet closely misses the kobold.
You shoot a sling bullet.
The sling bullet closely misses the kobold.
You shoot a sling bullet. The sling bullet hits the kobold.
The kobold is severely wounded.
You shoot a sling bullet. The sling bullet hits the kobold.
You kill the kobold!
You have reached level 2!
f - a purple potion You open the door.
Found Qoutram's Antique Weapon Boutique.
There is an open door here.
A kobold comes into view. It is wielding a +0 club.
The kobold shouts!
A kobold is nearby!
You shoot a sling bullet. The sling bullet hits the kobold.
You kill the kobold!
No target in view!
No target in view!
g - a puce potion
There is an entrance to Qoutram's Antique Weapon Boutique here.
There is an open door here.
Found a stone staircase leading down.
There is a stone staircase leading down here.
As you open the door, it creaks loudly!
There is an open door here.
You open the door.
There is an open door here.
h - a scroll labelled RAMA DAASYNEVY
There is a stone staircase leading down here.
You enter the shallow water.
Moving in this stuff is going to be slow.
Done exploring.
Search for what [? for help]? shop
There is a stone staircase leading down here.
Done exploring.
You climb downwards.
The ball python hisses angrily. x2
Found 31 gold pieces.
There is a stone staircase leading up here.
You shoot a sling bullet.
The sling bullet barely misses the ball python.
You shoot a sling bullet.
The sling bullet closely misses the ball python.
You shoot a sling bullet.
The sling bullet barely misses the ball python.
The ball python completely misses you. The ball python grabs you.
The ball python constricts you.
You shoot a sling bullet.
The sling bullet closely misses the ball python.
The ball python bites you. The ball python constricts you.
The ball python barely misses you. x2; The ball python constricts you.
You shoot a sling bullet. The sling bullet hits the ball python.
The ball python is severely wounded.
The ball python closely misses you. The ball python bites you.
The ball python constricts you.
You shoot a sling bullet.
The sling bullet barely misses the ball python.
The ball python bites you. The ball python barely misses you.
The ball python constricts you. The ball python closely misses you.
The ball python bites you but does no damage.
The ball python constricts you.
You shoot a sling bullet. The sling bullet hits the ball python.
You kill the ball python!
The ball python bites you. The ball python grabs you.
The ball python constricts you. The ball python closely misses you.
The ball python constricts you.
You are too injured to fight recklessly!
You are too injured to fight recklessly!
You are too injured to fight recklessly!
You are too injured to fight recklessly!
Fire: a) +1 sling
Press: ? - help, Q - select action, (/) - cycle Shift-Dir - straight line, f - ball python
Aim: a ball python (constricting you, 53% to hit)
You shoot a sling bullet. The sling bullet hits the ball python.
You kill the ball python!
Fire: a) +1 sling
Press: ? - help, Q - select action, (/) - cycle Shift-Dir - straight line, f - you Really target yourself?
Okay, then.
A frilled lizard comes into view.
You shoot a sling bullet. The frilled lizard hisses angrily.
The sling bullet hits the frilled lizard!
You kill the frilled lizard!
No target in view!
No target in view!
HP restored.
You now have 46 gold pieces (gained 12).
You now have 52 gold pieces (gained 6).
You now have 65 gold pieces (gained 13).
i - a bubbling brown potion A ball python and a rat come into view.
The ball python hisses angrily.
You shoot a sling bullet. The sling bullet hits the ball python!
You kill the ball python!
A giant cockroach comes into view.
You shoot a sling bullet.
The sling bullet closely misses the giant cockroach.
You shoot a sling bullet.
The sling bullet hits the giant cockroach.
You kill the giant cockroach!
You shoot a sling bullet. The sling bullet hits the rat.
You kill the rat!
No target in view!
No target in view!
You now have 83 gold pieces (gained 18).
A quokka comes into view.
You shoot a sling bullet. The sling bullet hits the quokka.
The quokka is moderately wounded.
You hear a shout!
A kobold comes into view. It is wielding a +0 dagger.
The kobold throws a stone.
The stone closely misses you.
A ball python comes into view.
You hear a shout!
You hear an angry hiss.
You shoot a sling bullet.
The sling bullet closely misses the kobold.
The ball python hisses angrily.
The sling bullet hits the quokka.
You kill the quokka!
You shoot a sling bullet. The sling bullet hits the kobold.
The kobold is moderately wounded.
You shoot a sling bullet. The sling bullet hits the kobold.
You kill the kobold!
You hear a shout!
An endoplasm comes into view. x2
You shoot a sling bullet. The sling bullet hits the endoplasm.
The endoplasm is almost dead.
You hear a shout!
You shoot a sling bullet. The sling bullet hits the endoplasm.
You kill the endoplasm!
The endoplasm hits you.
You shoot a sling bullet. The sling bullet hits the ball python.
The ball python is severely wounded.
You hear an angry hiss.
The ball python completely misses you. The ball python grabs you.
The ball python constricts you.
A hobgoblin comes into view.
The endoplasm hits you.
The ball python bites you but does no damage.
The ball python constricts you.
You shoot a sling bullet.
The sling bullet barely misses the ball python.
The endoplasm hits you. The ball python barely misses you.
The ball python constricts you. The endoplasm closely misses you.
The ball python barely misses you. The ball python constricts you.
You escape the ball python's grasp.
A goblin comes into view. It is wielding a +0 club.
You see here a rat corpse.
A frilled lizard comes into view.
Found a flail and 8 gold pieces.
The endoplasm attacks as you move away! The endoplasm barely misses you.
You see here a +2 dagger of electrocution.
A hobgoblin comes into view.
The hobgoblin shouts!
You shoot a sling bullet.
The sling bullet completely misses the endoplasm.
The sling bullet hits the hobgoblin.
The hobgoblin is heavily wounded.
The endoplasm closely misses you.
The endoplasm hits you but does no damage.
The endoplasm attacks as you move away! The endoplasm hits you.
Found a dented sapphire amulet.
Found a stormy altar of Qazlal.
A bat comes into view.
The goblin barely misses you. The endoplasm attacks as you move away!
The endoplasm closely misses you. The goblin barely misses you.
The ball python bites you. The ball python grabs you.
The ball python constricts you.
You escape the ball python's grasp.
The endoplasm attacks as you move away! The endoplasm barely misses you.
The ball python attacks as you move away!
The ball python bites you. The ball python barely misses you.
A goblin comes into view. It is wielding a +0 club.
The goblin shouts!
The ball python attacks as you move away!
The ball python misses you.
A goblin comes into view. It is wielding a +0 club.
The goblin shouts!
You hear an angry hiss.
The ball python barely misses you. The ball python misses you.
A frilled lizard comes into view.
You see here an amulet of reflection.
The bat closely misses you. The bat hits you but does no damage.
Found a stone staircase leading up.
The frilled lizard hisses angrily.
The bat barely misses you. The goblin misses you.
You shoot a sling bullet.
The sling bullet closely misses the frilled lizard.
The ball python closely misses you. x2; The frilled lizard barely misses you.
The goblin completely misses you. The goblin hits you with a +0 club.
The ball python misses you. The ball python closely misses you.
As you read the scroll labelled RAMA DAASYNEVY, it crumbles to dust.
It is a scroll of identify.
e - 2 potions of lignification The frilled lizard bites you.
The goblin closely misses you. The goblin hits you with a +0 club.
The ball python bites you but does no damage.
The ball python grabs you. The ball python constricts you.
Really quaff the potion of lignification?
You turn into a tree.
Your +0 robe melds into your body.
Your roots penetrate the ground.
The frilled lizard bites you but does no damage.
The goblin hits you with a +0 club. x2
The ball python bites you but does no damage.
The ball python constricts you.
You are now empty-handed.
The ball python bites you but does no damage.
The ball python constricts you.
The frilled lizard bites you but does no damage.
The goblin hits you but does no damage. x2
You hit the frilled lizard.
You kill the frilled lizard!
The ball python bites you but does no damage.
The ball python constricts you.
The goblin hits you but does no damage. x2
You smack the ball python!
You kill the ball python!
The goblin hits you but does no damage. The goblin hits you with a +0 club.
You hit the hobgoblin.
You kill the hobgoblin!
The goblin hits you with a +0 club. x2
You closely miss the goblin.
An adder comes into view.
The goblin hits you but does no damage. x3
You completely miss the goblin. The goblin hits you with a +0 club.
The goblin hits you but does no damage. x2
You hit the goblin.
You kill the goblin!
The goblin hits you but does no damage. x2
You hit the endoplasm.
The endoplasm is lightly wounded.
The endoplasm hits you but does no damage.
The goblin hits you but does no damage. x2
You hit the endoplasm.
The endoplasm is moderately wounded.
The endoplasm hits you but does no damage.
The goblin hits you but does no damage. x2
You hit the endoplasm.
The endoplasm is heavily wounded.
The endoplasm freezes you.
You are frozen.
The goblin hits you with a +0 club. The goblin barely misses you.
You hit the endoplasm.
You kill the endoplasm!
The goblin hits you but does no damage. x2
You smack the hobgoblin!
You kill the hobgoblin!
The goblin hits you but does no damage. The goblin hits you with a +0 club.
You smack the adder!
You kill the adder!
The goblin hits you but does no damage. x2
You have reached level 3!
Your experience leads to a dramatic increase in your attributes!
Increase (S)trength, (I)ntelligence, or (D)exterity?
You feel agile. x4
You smack the goblin!
You kill the goblin!
The bat hits you but does no damage. The goblin hits you but does no damage.
You closely miss the bat. The bat hits you but does no damage.
The goblin barely misses you.
You hit the goblin.
You kill the goblin!
The bat hits you but does no damage. x2
You closely miss the bat. The bat barely misses you.
You smack the bat!
You kill the bat!
You start resting.
Your transformation is almost over.
You start resting.
A ball python comes into view.
The ball python hisses angrily.
You barely miss the ball python.
You feel less wooden.
Your +0 robe unmelds from your body.
The ball python closely misses you. The ball python misses you.
The ball python bites you. The ball python closely misses you.
You closely miss the ball python. The ball python closely misses you.
The ball python barely misses you.
Aiming: Slow (safe; 9% risk of failure)
Press: ? - help, Q - select action Shift-Dir - straight line, f - ball python
Aim: a ball python (chance to affect: 59%)
Okay, then.
Unknown command.
a - a +1 sling (weapon)
Fire: a) +1 sling
Press: ? - help, Q - select action, (/) - cycle Shift-Dir - straight line, f - ball python
Aim: a ball python (57% to hit)
You shoot a sling bullet. The sling bullet hits the ball python!
You kill the ball python!
Things that are here:
a +0 club; a ball python corpse
Things that are here:
a +0 club; a goblin corpse
h - a scroll labelled PUWUSE SYOZAI
Things that are here:
a +0 club; a +0 leather armour; an adder corpse
j - an amulet of reflection You start putting on your amulet.
You continue putting on your amulet of reflection. x5
You finish putting on your amulet of reflection.
You feel a shielding aura gather around you.
j - an amulet of reflection (around neck)
You start resting.
HP restored.
You now have 88 gold pieces (gained 5).
You see here a +2 dagger of electrocution.
k - a +2 dagger of electrocution Adjust to which letter? (? for menu, Esc to quit)
a - a +2 dagger of electrocution;
k - a +1 sling (weapon)
Adjust to which letter? (? for menu, Esc to quit)
b - a +1 sling (weapon);
k - a scroll of poison A goblin comes into view.
It is wielding a +0 club.
You shoot a sling bullet. The sling bullet hits the goblin.
The goblin shouts!
The goblin is severely wounded.
You shoot a sling bullet.
The sling bullet barely misses the goblin.
You shoot a sling bullet. The sling bullet hits the goblin.
You kill the goblin!
Your Stealth skill increases to level 1!
No target in view!
Found a stone staircase leading down.
You now have 96 gold pieces (gained 8).
You now have 106 gold pieces (gained 10).
There is a stone staircase leading down here.
A hobgoblin comes into view.
Found a scroll labelled FOLOFI VOB WOG.
The hobgoblin shouts!
You shoot a sling bullet.
The sling bullet hits the hobgoblin but does no damage.
You shoot a sling bullet.
The sling bullet closely misses the hobgoblin.
You shoot a sling bullet. The sling bullet hits the hobgoblin.
You kill the hobgoblin!
No target in view!
No target in view!
A rat comes into view.
Found a leather armour.
You see here 4 gold pieces.
You shoot a sling bullet. The sling bullet hits the rat.
The rat is moderately wounded.
You shoot a sling bullet. The sling bullet barely misses the rat.
You shoot a sling bullet. The sling bullet hits the rat.
You kill the rat!
No target in view!
You now have 110 gold pieces (gained 4).
l - a scroll labelled FOLOFI VOB WOG You now have 117 gold pieces (gained 7).
A kobold comes into view. It is wielding a +0 short sword.
You shoot a sling bullet. The sling bullet hits the kobold!
You kill the kobold!
No target in view!
No target in view!
Found a stone staircase leading up.
An adder comes into view.
There is a stone staircase leading up here.
You shoot a sling bullet. The sling bullet hits the adder.
The adder is lightly wounded.
You shoot a sling bullet.
The sling bullet barely misses the adder.
You block the adder's attack.
You shoot a sling bullet. The sling bullet hits the adder.
The adder is heavily wounded.
The adder bites you. The adder closely misses you.
You hear the crackle of electricity.
a - a +2 dagger of electrocution (weapon)
You block the adder's attack.
You barely miss the adder.
The adder is heavily wounded.
You block the adder's attack.
You miss the adder.
The adder is heavily wounded.
The adder barely misses you.
You hit the adder.
The adder is severely wounded.
The adder bites you but does no damage. x2
You hit the adder.
The adder is almost dead.
The adder misses you.
You barely miss the adder.
The adder is almost dead.
The adder bites you.
You are poisoned.
The adder poisons you!
You miss the adder.
The adder is almost dead.
You feel sick. The adder closely misses you. The adder misses you.
You closely miss the adder.
The adder is almost dead.
You feel sick. The adder closely misses you.
You hit the adder.
You kill the adder!
You feel sick.
Your +2 dagger of electrocution stops crackling.
b - a +1 sling (weapon)
You feel sick.
You start resting.
You feel sick. x3
You are no longer poisoned.
You start resting.
HP restored.
You shoot a sling bullet. The frilled lizard hisses angrily.
The sling bullet hits the frilled lizard.
You kill the frilled lizard!
No target in view!
No target in view!
A hobgoblin comes into view.
You shoot a sling bullet. The sling bullet hits the hobgoblin!
You kill the hobgoblin!
No target in view!
No target in view!
You see here a frilled lizard corpse.
Found a stone staircase leading down.
Found a potion of lignification and a ring mail.
You see here a staff of cold.
m - a staff of cold
e - 2 potions of lignification (gained 1)
You now have 130 gold pieces (gained 13).
You see here a +0 ring mail.
A frilled lizard comes into view.
You shoot a sling bullet.
The sling bullet hits the frilled lizard.
You kill the frilled lizard!
You see here a +0 ring mail.
Found a stone staircase leading down.
n - a scroll labelled VASAIN DAPE Done exploring.
You have 130 gold pieces.
Unknown command.
Unknown command.
Search for what [Enter for "shop", or ? for help]? shop
There is a stone staircase leading up here.
You climb upwards.
There is a stone staircase leading down here.
There is an entrance to Fearorig's General Store here.
h - 2 scrolls of fog (gained 1);
o - a scroll of identify Thank you for shopping at Fearorig's General Store!
There is an entrance to Zoqegh's General Store here.
There is an entrance to Zoqegh's General Store here.
l - 2 scrolls of teleportation (gained 1) Thank you for shopping at Zoqegh's General Store!
You can access your shopping list by pressing '$'.
There is a stone staircase leading down here.
You climb downwards.
There is a stone staircase leading up here.
There is a stone staircase leading down here.
You climb downwards.
Found a scroll of poison.
There is a stone staircase leading up here.
k - 2 scrolls of poison (gained 1)
An adder comes into view.
Found a black potion.
The adder hisses angrily.
You shoot a sling bullet. The sling bullet hits the adder.
The adder is lightly wounded.
You shoot a sling bullet.
The sling bullet barely misses the adder.
You shoot a sling bullet.
The sling bullet closely misses the adder.
The adder barely misses you.
You shoot a sling bullet.
The sling bullet hits the adder but does no damage.
The adder is lightly wounded.
The adder bites you but does no damage.
You shoot a sling bullet. The sling bullet hits the adder.
The adder is moderately wounded.
You block the adder's attack. The adder closely misses you.
You hear the crackle of electricity.
a - a +2 dagger of electrocution (weapon)
You hit the adder.
The adder is heavily wounded.
The adder bites you. You block the adder's attack.
You hit the adder.
The adder is severely wounded.
The adder bites you but does no damage.
You hit the adder.
The adder is almost dead.
The adder barely misses you.
You closely miss the adder.
The adder is almost dead.
The adder barely misses you.
You miss the adder.
The adder is almost dead.
The adder bites you.
You are poisoned.
The adder poisons you! The adder barely misses you.
You hit the adder.
You kill the adder!
You feel sick.
Your +2 dagger of electrocution stops crackling.
b - a +1 sling (weapon)
You feel sick.
You feel sick.
You feel sick.
You feel sick.
You feel sick.
You are no longer poisoned.
HP restored.
You see here an adder corpse.
p - a black potion
Found a burning altar of Makhleb and a shadowy altar of Dithmenos.
Found a scale mail.
Found a stone staircase leading down.
o - 2 scrolls of identify (gained 1)
Found an escape hatch in the floor.
You now have 33 gold pieces (gained 5).
q - a scroll labelled PAGIQ ROAFOUC
Found an escape hatch in the ceiling.
You pick up a book of Minor Magic and begin reading...
You add the spells Magic Dart, Call Imp and Mephitic Cloud to your library.
There is an escape hatch in the ceiling here.
Found a stone staircase leading up.
Terence the Incautious comes into view.
He is wielding a +0 falchion.
You shoot a sling bullet.
The sling bullet hits Terence but does no damage.
You shoot a sling bullet. The sling bullet barely misses Terence.
You shoot a sling bullet.
The sling bullet hits Terence but does no damage.
You hear the crackle of electricity.
a - a +2 dagger of electrocution (weapon)
You barely miss Terence.
Terence shouts, "ATTACK!!!"
Terence closely misses you.
You closely miss Terence. You block Terence's attack.
You closely miss Terence. Terence misses you.
You hit Terence. Lightning courses through Terence!
Terence is almost dead.
Terence barely misses you.
You hit Terence.
You kill Terence!
Your Short Blades skill increases to level 1!
You have reached level 4!
Your +2 dagger of electrocution stops crackling.
b - a +1 sling (weapon)
Things that are here:
a +0 falchion; a +0 scale mail; the human corpse of Terence Jessica the Apprentice Sorceress comes into view.
She is wielding a +0 club.
Jessica shouts!
You shoot a sling bullet. The sling bullet hits Jessica.
Jessica is moderately wounded.
Jessica gestures at you while chanting. Pain shoots through your body!
A hobgoblin comes into view.
You shoot a sling bullet. The hobgoblin shouts!
The sling bullet hits Jessica but does no damage.
Jessica is moderately wounded.
You shoot a sling bullet. The sling bullet barely misses Jessica.
You shoot a sling bullet. The sling bullet barely misses Jessica.
You hear the crackle of electricity.
a - a +2 dagger of electrocution (weapon)
You hit Jessica but do no damage.
Jessica is moderately wounded.
Jessica closely misses you.
You hit Jessica.
Jessica is moderately wounded.
Jessica hits you with a +0 club.
You hit Jessica but do no damage.
Jessica is moderately wounded.
Jessica closely misses you. You block the hobgoblin's attack.
You hit Jessica. Lightning courses through Jessica!
You kill Jessica!
You block the hobgoblin's attack.
You hit the hobgoblin.
You kill the hobgoblin!
You see here a hobgoblin corpse.
Things that are here:
a +0 club; a +0 robe Your +2 dagger of electrocution stops crackling.
b - a +1 sling (weapon)
You now have 42 gold pieces (gained 9).
Found a stone staircase leading down.
Found a stone staircase leading up.
You now have 45 gold pieces (gained 3).
There is a stone staircase leading down here.
r - a viscous coppery potion You now have 55 gold pieces (gained 10).
Found 5 stones.
h - 3 scrolls of fog (gained 1)
Found a stone staircase leading down.
A worm comes into view.
A worm is nearby!
A worm is nearby!
You shoot a sling bullet. The sling bullet hits the worm.
The worm is lightly wounded.
You shoot a sling bullet. The sling bullet hits the worm!
The worm is heavily wounded.
You shoot a sling bullet. The sling bullet hits the worm.
The worm is severely wounded.
You hear the crackle of electricity.
a - a +2 dagger of electrocution (weapon)
You hit the worm.
The worm is severely wounded.
You barely miss the worm.
The worm is severely wounded.
The worm bites you.
You hit the worm.
The worm is almost dead.
You hit the worm.
The worm is almost dead.
The worm bites you but does no damage.
You barely miss the worm.
The worm is almost dead.
You hit the worm. Lightning courses through the worm!
You kill the worm!
Your Dodging skill increases to level 3!
Your +2 dagger of electrocution stops crackling.
b - a +1 sling (weapon)
There is a stone staircase leading down here.
You see here a worm corpse.
A hobgoblin comes into view.
You shoot a sling bullet. The sling bullet hits the hobgoblin.
The hobgoblin shouts!
The hobgoblin is heavily wounded.
You shoot a sling bullet.
The sling bullet barely misses the hobgoblin.
You hear the crackle of electricity.
a - a +2 dagger of electrocution (weapon)
You hit the hobgoblin.
The hobgoblin is almost dead.
The hobgoblin completely misses you.
You hit the hobgoblin.
You kill the hobgoblin!
Your +2 dagger of electrocution stops crackling.
b - a +1 sling (weapon)
Things that are here:
a +0 falchion; a +0 scale mail; the human skeleton of Terence Partly explored, can't reach some places.
Unknown command.
Annotate which branch? (. - D:3, ? - help, ! - show branch list) New annotation for D:3 (include '!' for warning):
Okay, then.
There is a stone staircase leading down here.
Unknown command.
You climb downwards.
Found an escape hatch in the floor.
There is a stone staircase leading up here.
There is an escape hatch in the floor here.
An orc comes into view. It is wielding a +0 flail.
You shoot a sling bullet.
The sling bullet completely misses the orc.
You hear the crackle of electricity.
a - a +2 dagger of electrocution (weapon)
You hit the orc. Lightning courses through the orc!
You kill the orc!
No target in view!
Your +2 dagger of electrocution stops crackling.
b - a +1 sling (weapon)
An adder comes into view.
The adder hisses angrily.
You shoot a sling bullet. The sling bullet misses the adder.
You shoot a sling bullet.
The sling bullet barely misses the adder.
You shoot a sling bullet. The sling bullet misses the adder.
You block the adder's attack.
You hear the crackle of electricity.
a - a +2 dagger of electrocution (weapon)
The adder closely misses you.
You hit the adder.
The adder is lightly wounded.
The adder bites you.
You are poisoned.
The adder poisons you!
You completely miss the adder.
The adder is lightly wounded.
You feel sick. The adder misses you.
You closely miss the adder.
The adder is lightly wounded.
You feel sick. The adder bites you.
You are more poisoned.
The adder poisons you!
You hit the adder.
The adder is moderately wounded.
You feel sick. The adder closely misses you. The adder barely misses you.
You hit the adder but do no damage.
The adder is moderately wounded.
You feel sick. The adder bites you.
You are more poisoned.
The adder poisons you!
You miss the adder.
The adder is moderately wounded.
You feel very sick. The adder bites you.
Okay, then.
You hit the adder. Lightning courses through the adder!!
You kill the adder!
You feel sick.
You feel sick.
You feel sick.
You feel sick.
You feel sick.
You feel sick.
You feel sick.
You feel sick.
You are no longer poisoned.
There is a stone staircase leading up here.
You climb upwards.
There is a stone staircase leading down here.
You start resting.
HP restored.
Your +2 dagger of electrocution stops crackling.
b - a +1 sling (weapon)
You climb downwards.
There is a stone staircase leading up here.
Found a potion of lignification.
Found a scroll labelled LUGEG ATSEPUUREOL.
s - a +6 ring of intelligence You feel clever.
s - a +6 ring of intelligence (left hand)
You now have 68 gold pieces (gained 13).
t - a scroll labelled LUGEG ATSEPUUREOL You enter the shallow water.
Moving in this stuff is going to be slow.
e - 3 potions of lignification (gained 1)
There is a stone staircase leading up here.
Found a spear.
Found a dagger.
You see here a +0 spear.
A jackal comes into view.
A jackal comes into view.
You shoot a sling bullet. The sling bullet hits the jackal.
You kill the jackal!
The jackal barks!
You shoot a sling bullet. The sling bullet hits the jackal.
The jackal is heavily wounded.
You shoot a sling bullet.
The sling bullet hits the jackal but does no damage.
The jackal is heavily wounded.
A jackal comes into view. x2
You shoot a sling bullet.
The sling bullet barely misses the jackal. x2
The jackal barks! x2
The sling bullet hits the jackal.
You kill the jackal!
The jackal bites you.
You shoot a sling bullet.
The sling bullet barely misses the jackal.
The sling bullet hits the jackal.
The jackal is severely wounded.
You block the jackal's attack. The jackal barely misses you.
You shoot a sling bullet. The sling bullet hits the jackal.
You kill the jackal!
The jackal completely misses you.
You shoot a sling bullet. The sling bullet hits the jackal.
You kill the jackal!
Found a mace.
You see here a jackal corpse.
A ball python comes into view.
Found a scroll of teleportation.
You shoot a sling bullet. The sling bullet hits the ball python.
You kill the ball python!
You see here a +0 mace.
l - 3 scrolls of teleportation (gained 1)
i - 2 bubbling brown potions (gained 1)
Found 5 stones.
You see here 5 stones.
Found a stone staircase leading down.
Found Roluplun's Magic Scroll Shop.
There is an entrance to Roluplun's Magic Scroll Shop here.
An endoplasm comes into view.
You shoot a sling bullet. The sling bullet hits the endoplasm.
The endoplasm quivers.
The endoplasm is severely wounded.
You shoot a sling bullet.
The sling bullet hits the endoplasm but does no damage.
The endoplasm is severely wounded.
You shoot a sling bullet. The sling bullet hits the endoplasm.
You kill the endoplasm!
An endoplasm comes into view.
You shoot a sling bullet. The sling bullet hits the endoplasm.
The endoplasm is moderately wounded.
No target in view!
No target in view!
An endoplasm is nearby!
You shoot a sling bullet. The sling bullet hits the endoplasm.
You kill the endoplasm!
No target in view!
No target in view!
Found a stone staircase leading down.
An endoplasm comes into view.
You shoot a sling bullet.
The sling bullet hits the endoplasm but does no damage.
The endoplasm quivers.
You shoot a sling bullet. The sling bullet hits the endoplasm!
You kill the endoplasm!
Your Fighting skill increases to level 2!
No target in view!
No target in view!
Found a stone staircase leading down.
Ijyb the Twisted Goblin comes into view.
She is wielding a +0 club and carrying a wand of paralysis (10).
You hear the crackle of electricity.
a - a +2 dagger of electrocution (weapon)
Found a scroll labelled VASAIN DAPE.
The helpless Ijyb fails to defend herself.
You puncture Ijyb! You punch Ijyb, but do no damage.
Ijyb is moderately wounded.
Ijyb hits you with a +0 club.
You closely miss Ijyb.
Ijyb is moderately wounded.
Ijyb drinks a potion.
Ijyb suddenly seems more resistant.
You hit Ijyb but do no damage.
Ijyb is moderately wounded.
You hit Ijyb but do no damage.
Ijyb is moderately wounded.
Ijyb zaps a wand.
You suddenly lose the ability to move!
Ijyb zaps a wand.
You shrug off the repeated paralysis!
Ijyb hits you with a +0 club. Ijyb hits you with a +0 club.
A kobold comes into view. It is wielding a +0 club.
Ijyb grins evilly.
Ijyb hits you with a +0 club.
Ijyb zaps a wand.
You shrug off the repeated paralysis!
You can move again.
You hit Ijyb but do no damage.
Ijyb is moderately wounded.
Ijyb closely misses you.
You hit Ijyb but do no damage.
Ijyb is moderately wounded.
Ijyb hits you with a +0 club.
You barely miss Ijyb.
Ijyb is moderately wounded.
Ijyb screams, "Me very upset!"
You block Ijyb's attack.
You barely miss Ijyb.
Ijyb is moderately wounded.
You block Ijyb's attack. The kobold barely misses you.
You closely miss Ijyb.
Ijyb is moderately wounded.
Ijyb zaps a wand.
You resist with some effort. You block the kobold's attack.
You barely miss Ijyb.
Ijyb is moderately wounded.
Ijyb closely misses you. The kobold closely misses you.
You hit Ijyb.
Ijyb is heavily wounded.
Ijyb misses you. The kobold hits you with a +0 club.
You hit Ijyb but do no damage.
Ijyb is heavily wounded.
Ijyb misses you. The kobold closely misses you.
You hit Ijyb but do no damage.
Ijyb is heavily wounded.
You block Ijyb's attack. The kobold closely misses you.
You hit Ijyb.
Ijyb is severely wounded.
You block Ijyb's attack. The kobold barely misses you.
You hit Ijyb.
Ijyb is severely wounded.
You barely miss Ijyb.
Ijyb is severely wounded.
Ijyb screams, "No!
No, no, no, no!"
Ijyb closely misses you. The kobold hits you but does no damage.
You hit Ijyb but do no damage.
Ijyb is severely wounded.
Ijyb completely misses you. The kobold hits you with a +0 club.
You closely miss Ijyb.
Ijyb is severely wounded.
Ijyb hits you with a +0 club. The kobold hits you with a +0 club.
You hit Ijyb.
Ijyb is almost dead.
Ijyb zaps a wand.
You suddenly lose the ability to move!
The kobold hits you with a +0 club.
Ijyb screams, "Get away!"
Ijyb hits you but does no damage. The kobold completely misses you.
Ijyb completely misses you. The kobold hits you with a +0 club.
You can move again.
Unknown command.
Unknown command.
You barely miss Ijyb.
Ijyb is almost dead.
Ijyb hits you with a +0 club.
* * * LOW HITPOINT WARNING * * *
The kobold closely misses you.
You hit Ijyb but do no damage.
Ijyb is almost dead.
Ijyb zaps a wand.
You shrug off the repeated paralysis!
The kobold hits you with a +0 club.
* * * LOW HITPOINT WARNING * * *
You hit Ijyb but do no damage.
Ijyb is almost dead.
Ijyb misses you. The kobold barely misses you.
You hit Ijyb but do no damage.
Ijyb is almost dead.
Ijyb hits you with a +0 club.
* * * LOW HITPOINT WARNING * * *
You block the kobold's attack.
You hit Ijyb but do no damage.
Ijyb is almost dead.
Ijyb zaps a wand.
You resist with some effort. The kobold misses you.
It was a potion of attraction.
You feel attractive to monsters. Ijyb completely misses you.
The kobold misses you.
It was a potion of heal wounds.
You feel much better. Ijyb barely misses you.
The kobold hits you but does no damage.
You hit Ijyb.
Ijyb is almost dead.
Ijyb zaps a wand.
You resist with some effort. The kobold hits you with a +0 club.
You hit Ijyb but do no damage.
Ijyb is almost dead.
You hit Ijyb but do no damage.
Ijyb is almost dead.
Ijyb misses you. You block the kobold's attack.
You hit Ijyb but do no damage.
Ijyb is almost dead.
Ijyb completely misses you. The kobold barely misses you.
You closely miss Ijyb.
Ijyb is almost dead.
Ijyb zaps a wand.
You resist with some effort. The kobold hits you with a +0 club.
You hit Ijyb but do no damage. You punch Ijyb, but do no damage.
Ijyb is almost dead.
Ijyb zaps a wand.
You suddenly lose the ability to move!
The now-empty wand crumbles to dust.
The kobold hits you with a +0 club. Ijyb hits you with a +0 club.
The kobold hits you but does no damage. Ijyb hits you with a +0 club.
The kobold hits you but does no damage. Ijyb hits you with a +0 club.
The kobold hits you but does no damage. Ijyb hits you with a +0 club.
The kobold hits you with a +0 club. Ijyb hits you with a +0 club.
The kobold hits you but does no damage.
You can move again.
Press: ? - help, v - describe, . - travel
Here: Ijyb, wielding a +0 club and wearing a +0 scale mail (almost dead, unusually resistant)
The floor, spattered with blood.
Unknown command.
You hit Ijyb but do no damage.
Ijyb is almost dead.
Ijyb hits you with a +0 club. The kobold hits you but does no damage.
You closely miss Ijyb.
Ijyb is almost dead.
Ijyb hits you with a +0 club.
* * * LOW HITPOINT WARNING * * *
The kobold barely misses you.
You hit the kobold. Lightning courses through the kobold!
You kill the kobold!
Ijyb is no longer unusually resistant.
Ijyb closely misses you.
You hit Ijyb but do no damage.
Ijyb is almost dead.
Ijyb screams, "Die!"
Ijyb hits you with a +0 club.
* * * LOW HITPOINT WARNING * * *
You barely miss Ijyb.
Ijyb is almost dead.
Ijyb closely misses you.
You barely miss Ijyb.
Ijyb is almost dead.
Ijyb hits you with a +0 club.
You die...

Skill      XL: |  1  2  3  4 |
---------------+-------------+-----
Fighting       | 1 2 |  2.0
Dodging        | 2 3 |  3.1
Ranged Weapons | 2 |  2.4
Stealth        | 1 |  1.5
Short Blades   | 1 |  1.6
Spellcasting   | |  1.0
Hexes          | |  2.6

Action                     |  1- 3 |  4- 6 || total
---------------------------+-------+-------++-------
  Melee: Unarmed           |    19 |       ||    19
         Dagger            |    19 |    57 ||    76
         Punch             |       |     2 ||     2
   Fire: Sling             |    68 |    28 ||    96
    Use: Potion            |     1 |     2 ||     3
         Scroll            |     1 |       ||     1
   Stab: Sleeping          |       |     1 ||     1
 Armour: Robe              |    10 |     9 ||    19
         Skin              |    33 |       ||    33
  Dodge: Dodged            |    55 |    35 ||    90
  Block: Other             |     6 |    11 ||    17

Levels and vault maps discovered:
D:1:      reono_arrival_forest_river, layout_basic, serial_shops, shop, shop,
          shop, nicolae_shop_stone
D:2:      layout_rooms, basic_altar, minmay_circle_x
D:3:      layout_loops_ring, nicolae_overflow_two_pavilions,
          minmay_crystal_room, uniq_jessica, uniq_terence
D:4:      layout_loops_cross, minmay_temple_entry_grid, serial_shops, shop,
          guppyfry_early_lair_pool, uniq_ijyb

Notes
Turn   | Place    | Note
-------+----------+-------------------------------------------
     0 | D:1      | scionoferis the Demigod Hexslinger began the quest for the
                  | Orb.
     0 | D:1      | Reached XP level 1. HP: 15/15 MP: 4/4
    23 | D:1      | Found Lirpha's Jewellery Emporium.
    97 | D:1      | Found Zoqegh's General Store.
   102 | D:1      | Found Fearorig's General Store.
   215 | D:1      | Reached skill level 1 in Fighting
   217 | D:1      | Reached skill level 2 in Dodging
   236 | D:1      | Reached skill level 2 in Ranged Weapons
   754 | D:1      | Reached XP level 2. HP: 23/23 MP: 5/5
   810 | D:1      | Found Qoutram's Antique Weapon Boutique.
  1123 | D:2      | Reached XP level 3. HP: 14/28 MP: 6/6
  1222 | D:2      | Reached skill level 1 in Stealth
  1599 | D:1      | Bought a scroll of fog for 48 gold pieces
  1599 | D:1      | Bought a scroll of identify for 24 gold pieces
  1610 | D:1      | Bought a scroll of teleportation for 30 gold pieces
  1904 | D:3      | Noticed Terence
  1913 | D:3      | Killed Terence
  1914 | D:3      | Reached skill level 1 in Short Blades
  1914 | D:3      | Reached XP level 4. HP: 36/36 MP: 8/8
  1916 | D:3      | Noticed Jessica
  1925 | D:3      | Killed Jessica
  2194 | D:3      | Reached skill level 3 in Dodging
  2596 | D:4      | Found Roluplun's Magic Scroll Shop.
  2647 | D:4      | Reached skill level 2 in Fighting
  2655 | D:4      | Noticed Ijyb
  2667 | D:4      | Paralysed by Ijyb for 5 turns
  2687 | D:4      | Paralysed by Ijyb for 2 turns
  2693 | D:4      | HP: 3/36 [Ijyb/+0 club (2)]
  2702 | D:4      | Paralysed by Ijyb for 5 turns
  2713 | D:4      | Slain by Ijyb

Vanquished Creatures
  Jessica (D:3)
  Terence (D:3)
  4 adders (D:2 D:3 D:4)
  A worm (D:3)
  An orc (D:4)
  7 ball pythons (D:1 D:2 D:4)
  7 endoplasms (D:1 D:2 D:4)
  3 giant cockroaches (D:1 D:2)
  4 goblins (D:2)
  7 hobgoblins (D:1 D:2 D:3)
  4 jackals (D:4)
  5 kobolds (D:1 D:2 D:4)
  A quokka (D:2)
  A bat (D:2)
  4 frilled lizards (D:2)
  3 rats (D:1 D:2)
54 creatures vanquished.

Table legend: (Time is in decaauts)
 A = Elapsed time spent in this place.
 B = Non-inter-level travel time spent in this place.
 C = Inter-level travel time spent in this place.
 D = Time resting spent in this place.
 E = Time spent auto-exploring this place.
 F = Levels seen in this place.
 G = Mean time per level.
                   A        B        C        D        E       F      G
               +--------+--------+--------+--------+--------+-----+--------+
         Total |   2733 |   2640 |     93 |    188 |   2043 |   4 |  683.2 |
       Dungeon |   2733 |   2640 |     93 |    188 |   2043 |   4 |  683.2 |
               +--------+--------+--------+--------+--------+-----+--------+

Top non-repeatable levels by time:
     D:1: 1010 daAuts
     D:3: 804 daAuts
     D:2: 644 daAuts
     D:4: 273 daAuts

Table legend:
 A = Non-vault XP
 B = Vault XP
 C = Vault XP percentage of total XP
 D = Non-vault monster count
 E = Vault monster count
 F = Vault count percentage of total count
                 A         B        C        D         E       F
            +---------+---------+-------+---------+---------+-------
      Total |     115 |      96 |  45.5 |      46 |       8 |  14.8
            +---------+---------+-------+---------+---------+-------
        D:1 |      17 |       0 |   0.0 |       9 |       0 |   0.0
        D:2 |      56 |       9 |  13.8 |      23 |       5 |  17.9
        D:3 |      22 |      73 |  76.8 |       4 |       2 |  33.3
        D:4 |      20 |      14 |  41.2 |      10 |       1 |   9.1
            +---------+---------+-------+---------+---------+-------
